 Dungeon Crawl Stone Soup version 0.25-a0-834-g55863b0b92 (webtiles) character file.

Game seed: 9358046732554764997, levelgen mode: deterministic

68 Anathary the Firebug (level 4, -7/24 HPs)
             Began as a Deep Elf Fire Elementalist on Apr 23, 2020.
             Killed from afar by a jackal (31 damage)
             ... with an exploding inner flame
             ... hexed by the player character
             ... on level 2 of the Dungeon.
             The game lasted 00:06:26 (1100 turns).

Anathary the Firebug (Deep Elf Fire Elementalist)   Turns: 1100, Time: 00:06:26

Health: -7/24      AC:  9    Str:  5    XL:     4   Next: 1%
Magic:  9/12       EV: 13    Int: 27    God:
Gold:   84         SH:  0    Dex: 15    Spells: 7/11 levels left

rFire    . . .     SeeInvis .   b - +2 mace (protect)
rCold    . . .     Gourm    .   (no shield)
rNeg     . . .     Faith    .   a - +0 robe
rPois    .         Spirit   .   (no helmet)
rElec    .         Reflect  .   (no cloak)
rCorr    .         Harm     .   (no gloves)
MR       .....                  (no boots)
Stlth    ++........             (no amulet)
HPRegen  0.08/turn              g - +6 ring of intelligence
MPRegen  0.13/turn              (no ring)

@: protection aura
A: no striking features
a: no special abilities


You were on level 2 of the Dungeon.
You were not hungry.

You visited 1 branch of the dungeon, and saw 2 of its levels.

You collected 84 gold pieces.

Inventory:

Hand Weapons
 b - a +2 mace of protection (weapon)
 h - a +4 dagger
Armour
 a - a +0 robe (worn)
Jewellery
 g - a +6 ring of intelligence (left hand)
Scrolls
 e - 2 scrolls of immolation {unknown}
 f - a scroll of identify {unknown}
Potions
 d - a potion of stabbing {unknown}
 i - 2 potions of brilliance {unknown}
Comestibles
 c - 3 rations


   Skills:
 - Level 2.4 Dodging
 - Level 2.4 Stealth
 + Level 4.1 Spellcasting
 + Level 1.5 Conjurations
 + Level 4.7 Fire Magic


You had 7 spell levels left.
You knew the following spells:

 Your Spells              Type           Power        Failure   Level  Hunger
a - Foxfire               Conj/Fire      ###.         2%          1    None
b - Inner Flame           Hex/Fire       ###.....     9%          3    ##.....

Your spell library contained the following spells:

 Spells                   Type           Power        Failure   Level  Hunger
 Conjure Flame            Conj/Fire      ###.....     7%          3    ##.....
 Sticky Flame             Conj/Fire      ###.....     22%         4    ####...
 Fireball                 Conj/Fire      ###.......   52%         5    #####..


Dungeon Overview and Level Annotations

Branches:
Dungeon (2/15)

Altars:


Message History

A jackal comes into view.
Found 7 gold pieces.
Casting: Foxfire (safe; 2% risk of failure)
Confirm with . or Enter, or press ? or * to list all spells.
Aiming: Inner Flame (mildly dangerous; 9% risk of failure)
Press: ? - help, Shift-Dir - straight line, f - jackal
Aim: a jackal (chance to defeat MR: 86%)
The jackal is filled with an inner flame.
A jackal comes into view.
The jackal moves out of view.
The jackal misses you.
The jackal barks!
You hit the jackal.
Flame seeps out of the jackal.
Your weapon exudes an aura of protection.
The jackal is lightly wounded.
The jackal is engulfed in blazing flames.
The jackal explodes!
The fiery explosion engulfs you!!
Ouch! That really hurt!
You die...

..................
...######.######.#
...# #.# #.# ####
##.## #.#
#...#####.#
#.#.......#
#...####.## ##.##
#.####.## #.
#.#@○§...# #.
#.###.##$.# #. #.#
#.# ...(#


#hh .## ##. # .# . You could see 2 jackals.

Vanquished Creatures
  Jessica (D:2)
  An adder (D:2)
  An ooze (D:1)
  2 worms (D:2)
  A dart slug (D:2)
  4 bats
  5 goblins
  3 hobgoblins (D:1)
  3 kobolds
  2 rats (D:1)
23 creatures vanquished.

Vanquished Creatures (others)
  48 foxfires
48 creatures vanquished.

Grand Total: 71 creatures vanquished

Notes
Turn   | Place    | Note
-------+----------+-------------------------------------------
     0 | D:1      | Anathary the Deep Elf Fire Elementalist began the quest for
                  | the Orb.
     0 | D:1      | Reached XP level 1. HP: 10/10 MP: 6/6
   182 | D:1      | Reached XP level 2. HP: 15/15 MP: 5/8
   849 | D:2      | Reached XP level 3. HP: 19/19 MP: 6/10
   905 | D:2      | Learned a level 3 spell: Inner Flame
   997 | D:2      | Noticed Jessica
  1000 | D:2      | Killed Jessica
  1031 | D:2      | Reached XP level 4. HP: 22/24 MP: 9/12
  1100 | D:2      | Killed from afar by a jackal

Levels and vault maps discovered:
D:1:      tarquinn_simple_flora_water_a, layout_loops_ring, skrybe_limestone_x
D:2:      layout_loops_ring, uniq_jessica

Skill      XL: |  1  2  3 |
---------------+----------+-----
Fire Magic     | 4 |  4.7
Spellcasting   | 4 |  4.1
Dodging        | |  2.4
Stealth        | |  2.4
Conjurations   | |  1.5

Action                   |  1- 3 |  4- 6 || total
-------------------------+-------+-------++-------
Melee: Mace              |    10 |     1 ||    11
 Cast: Foxfire           |    30 |       ||    30
       Inner Flame       |       |     1 ||     1
Armor: Robe              |     2 |       ||     2
Dodge: Dodged            |     9 |     1 ||    10

Table legend:
 A = Non-vault XP
 B = Vault XP
 C = Vault XP percentage of total XP
 D = Non-vault monster count
 E = Vault monster count
 F = Vault count percentage of total count
                 A         B        C        D         E       F
            +---------+---------+-------+---------+---------+-------
      Total |      61 |      37 |  37.8 |      22 |       1 |   4.3
            +---------+---------+-------+---------+---------+-------
        D:1 |      28 |       0 |   0.0 |      14 |       0 |   0.0
        D:2 |      33 |      37 |  52.9 |       8 |       1 |  11.1
            +---------+---------+-------+---------+---------+-------
